AoeStats
← iM 我要打十个

Golden Pit

503188457Analyzed
1v1 RM · 1mo ago on Aug 30, 2026· 28m 50s· 2 players
Game mode
Random Map
Map size
Tiny (2 player)
Population
200
Speed
Normal
Resources
Standard
Victory
Conquest
Starting age
Dark Age
Ending age
Imperial Age
RankedLock teamsTeams togetherTeam positionsShared explorationLock speedFull tech treeHidden civsTurbo modeCheats
Victory
Defeat
🇨🇳 Spanish · China
971
+17
🇺🇸 Turks · United States
991
-17
iM 我要打十个
1:44 Loom
11:27 Feudal Age
17:53 Castle Age
15:58 Double-Bit Axe
16:59 Horse Collar
18:11 Gold Mining
26:42 Bloodlines
leancig
9:56 Feudal Age
10:00 Loom
12:56 Double-Bit Axe
18:00 Castle Age
17:34 Horse Collar
20:17 Thumb Ring
20:11 Fletching
21:38 Thumb Ring
22:58 Bloodlines
24:03 Husbandry
27:32 Scale Barding Armor
Connection lost

Rejoining the realm…

Still unreachable

The connection could not be restored.

Session expired

The server has moved on; the page needs a fresh start.